 Dungeon Crawl Stone Soup version 0.29-a0-207-gf982a884d8 (webtiles) character file.

Game seed: 16999805125355561452

102 iguanaiguana the Grasshopper (level 4, 0/36 HPs)
             Began as a Palentonga Warper on Feb 24, 2022.
             Slain by a gnoll
             ... wielding a +0 halberd
              (7 damage)
             ... on level 3 of the Dungeon.
             The game lasted 00:10:44 (4144 turns).

iguanaiguana the Grasshopper (Palentonga Warper)    Turns: 4144, Time: 00:10:44

Health: 0/36       AC:  5    Str: 15    XL:     4   Next: 49%
Magic:  3/7        EV:  9    Int: 15    God:
Gold:   135        SH:  0    Dex:  9    Spells: 5/7 levels left

rFire   + . .      SeeInvis +   a - +0 falchion
rCold   . . .      Faith    .   (no shield)
rNeg    . . .      Spirit   .   i - +0 robe
rPois   .          Reflect  .   (no helmet)
rElec   .          Harm     .   g - +0 cloak
rCorr   .          Rampage  .   (no gloves)
Will    .....                   (no barding)
Stlth   ..........              (no amulet)
HPRegen 0.12/turn               o - ring of flight
MPRegen 0.10/turn               k - ring of protection from fire

@: silenced, flying
A: large, rugged brown scales 3, see invisible, deformed body, roll 1, armoured
tail
a: Rolling Charge


You were on level 3 of the Dungeon.
You visited 1 branch of the dungeon, and saw 3 of its levels.

You collected 135 gold pieces.

Inventory:

Hand Weapons
 a - a +0 falchion (weapon)
 q - a +1 whip of draining
Missiles
 d - 5 boomerangs of dispersal (quivered)
Armour
 b - a +0 leather armour
 g - a +0 cloak (worn)
 i - a +0 robe (worn)
 j - a +0 ring mail
 p - a +0 plate armour
Jewellery
 k - a ring of protection from fire (right hand)
 o - a ring of flight (left hand)
Scrolls
 c - a scroll of blinking {@r4}
 m - a scroll of magic mapping {unknown}
 r - a scroll of vulnerability {unknown}
 s - a scroll of amnesia {unknown}
Potions
 n - a potion of mutation


   Skills:
 + Level 2.7 Fighting
 * Level 3.3 Long Blades
 - Level 0.8 Throwing
 - Level 1.0 Armour
 - Level 1.6 Dodging
 - Level 2.1 Spellcasting
 + Level 3.7 Translocations


You had 5 spell levels left.
You knew the following spells:

 Your Spells              Type           Power      Damage    Failure   Level
a - Blink                 Tloc           24%        N/A       8%          2

Your spell library contained the following spells:

 Spells                   Type           Power      Damage    Failure   Level
 Gell's Gravitas          Tloc           12%        N/A       14%         3
 Lesser Beckoning         Tloc           12%        N/A       14%         3
 Teleport Other           Tloc           12%        N/A       14%         3
 Manifold Assault         Tloc           12%        N/A       80%         5


Dungeon Overview and Level Annotations

Branches:
Dungeon (3/15)

Altars:

Shops:
D:1 :


Innate Abilities, Weirdness & Mutations

You are completely covered in rugged brown scales. (AC +3, +7% HP)
You have supernaturally acute eyesight. (SInv)
Armour fits poorly on your strangely shaped body.
You can roll at nearby foes to attack.
You have a long armoured tail.


Message History

As you read the scroll labelled AMYSKA RASKU, it crumbles to dust.
You hear a loud clanging noise!
It was a scroll of noise.
The frilled lizard bites you but does no damage.
The gnoll hits you with a +0 whip.
* * * LOW HITPOINT WARNING * * *
The gnoll hits you from afar with a +0 halberd.
* * * LOW HITPOINT WARNING * * *
Casting: Blink (safe; 8% risk of failure)
Confirm with . or Enter, or press ? or * to list all spells.
You are still too unstable to blink.
You feel stable enough to blink again.
The frilled lizard bites you but does no damage.
The gnoll hits you with a +0 whip.
* * * LOW HITPOINT WARNING * * *
The gnoll hits you but does no damage.
Casting: Blink (safe; 8% risk of failure)
Confirm with . or Enter, or press ? or * to list all spells.
You blink.
Found a robe and a lumpy blue potion.
The gnoll barely misses you.
You feel stable enough to blink again.
There is a shaft here.
The gnoll falls through a shaft!
The shaft crumbles and collapses.
As you read the scroll labelled UNLOTIDEUL, it crumbles to dust.
Your body is wracked with pain!
* * * LOW HITPOINT WARNING * * *
The gnoll convulses! x2; It was a scroll of torment.
As you read the scroll labelled YPTENE CAMU, it crumbles to dust.
A profound silence engulfs you.
It was a scroll of silence.
Magic scrolls do not work when you're silenced!
Magic scrolls do not work when you're silenced!
You feel better. The frilled lizard barely misses you.
There's nothing you can charge at!
The frilled lizard completely misses you.
The gnoll hits you from afar with a +0 halberd.
* * * LOW HITPOINT WARNING * * *
The gnoll hits you from afar with a +0 halberd.
* * * LOW HITPOINT WARNING * * *
The frilled lizard closely misses you. The gnoll completely misses you.
The gnoll hits you from afar with a +0 halberd!
You die...

##..[..#.# #.#
.......#.######.#
#..........$...♣
#.............♣
#..♣.♣...#####♣
#####..♣♣....#
.......♣g♣...#
#..l.♣♣♣..#
#@.g......#
#.lg......#
#......####
########


You could see 3 gnolls and 2 frilled lizards.

Vanquished Creatures
  3 gnolls
  An adder (D:2)
  2 worms
  An orc (D:3)
  12 ball pythons
  5 bats
  7 endoplasms
  A giant cockroach (D:2)
  6 goblins
  4 hobgoblins
  4 kobolds
  A quokka (D:1)
  3 frilled lizards
  6 rats
56 creatures vanquished.

Notes
Turn   | Place    | Note
-------+----------+-------------------------------------------
     0 | D:1      | iguanaiguana the Palentonga Warper began the quest for the
                  | Orb.
     0 | D:1      | Reached XP level 1. HP: 17/17 MP: 3/3
    39 | D:1      | Found Zuisyife's Book Shop.
   310 | D:1      | Reached XP level 2. HP: 23/23 MP: 5/5
   409 | D:1      | Reached skill level 1 in Armour
   991 | D:1      | Found a faded altar of an unknown god.
  1571 | D:1      | Learned a level 2 spell: Blink
  1769 | D:2      | Reached XP level 3. HP: 28/28 MP: 6/6
  2938 | D:2      | Reached XP level 4. HP: 18/36 MP: 7/7
  4144 | D:3      | Slain by a gnoll

Illustrated notes

Levels and vault maps discovered:
D:1:      matt_arrival_los_fun, layout_loops_corners, serial_co_window_serial,
          co_window_paths_a, co_window_of_opportunity_a,
          co_window_of_opportunity_a, co_window_corner_a, co_window_corner_a,
          co_window_corner_a, co_window_broadway_c, co_window_cross_3,
          co_window_broadway_a, co_window_paths_c, co_window_4corner_a,
          co_window_paths_e, hellmonk_ecumenical_altar_pennies_from_heaven,
          serial_shops, shop
D:2:      layout_rooms
D:3:      layout_loops_ring, lemuel_doored_altar, mainiacjoe_overflow_alcove_1,
          ebering_ghost_rock_garden, chequers_serial_rivers_large_a,
          st_stairs_11, chequers_garden

Skill      XL: |  1  2  3 |
---------------+----------+-----
Armour         | 1 |  1.0
Long Blades    | 3 |  3.3
Fighting       | |  2.7
Throwing       | |  0.8
Dodging        | |  1.6
Spellcasting   | |  2.1
Translocations | |  3.7

Action                   |  1- 3 |  4- 6 || total
-------------------------+-------+-------++-------
Melee: Falchion          |   133 |    35 ||   168
       Tailslap          |     7 |     7 ||    14
       Punch             |       |     1 ||     1
 Cast: Blink             |     1 |     4 ||     5
 Abil: Rolling Charge    |    31 |    10 ||    41
  Use: Scroll            |     2 |     4 ||     6
       Potion            |     1 |     1 ||     2
Armor: Leather armour    |    11 |       ||    11
       Robe              |    52 |    10 ||    62
Dodge: Dodged            |    66 |    19 ||    85

Table legend: (Time is in decaauts)
 A = Elapsed time spent in this place.
 B = Non-inter-level travel time spent in this place.
 C = Inter-level travel time spent in this place.
 D = Time resting spent in this place.
 E = Time spent auto-exploring this place.
 F = Levels seen in this place.
 G = Mean time per level.
                   A        B        C        D        E       F      G
               +--------+--------+--------+--------+--------+-----+--------+
         Total |   4182 |   3694 |    488 |   1178 |   1729 |   3 | 1394.0 |
       Dungeon |   4182 |   3694 |    488 |   1178 |   1729 |   3 | 1394.0 |
               +--------+--------+--------+--------+--------+-----+--------+

Top non-repeatable levels by time:
     D:1: 2247 daAuts
     D:2: 1558 daAuts
     D:3: 376 daAuts
